 Dungeon Crawl Stone Soup version 0.20.1-1-g8b1a95d (console) character file.

5199 hilaritas the Basher (level 10, -8/94 HPs)
             Began as a Gargoyle Fighter on July 30, 2017.
             Was an Elder of Okawaru.
             Killed from afar by Maurice (19 damage)
             ... with a wand of acid (?/15)
             ... on level 8 of the Dungeon.
             The game lasted 00:17:43 (6320 turns).

hilaritas the Basher (Gargoyle Fighter)             Turns: 6320, Time: 00:17:44

Health: -8/94      AC: 23    Str: 22    XL:     10   Next: 60%
Magic:  14/14      EV:  2    Int: 10    God:    Okawaru [****..]
Gold:   525        SH: 13    Dex: 12    Spells: 9/9 levels left

rFire    . . .     SeeInvis .   A - +5 mace (venom)
rCold    . . .     Gourm    .   c - +1 shield
rNeg     + + +     Faith    .   (armour currently unavailable)
rPois    ∞         Spirit   .   (helmet currently unavailable)
rElec    .         Reflect  .   (cloak currently unavailable)
rCorr    .         Harm     .   (gloves currently unavailable)
MR       .....     NoTele   +   (boots currently unavailable)
Stlth    +.........             y - amulet of regeneration
Regen    0.7/turn               v - +2 ring of protection
MPRegen  0.2/turn               I - +3 ring of dexterity

@: tree-form, corroded
A: negative energy resistance 1, petrification resistance, rot immunity, AC +7
a: Heroism, Renounce Religion


You were on level 8 of the Dungeon.
You worshipped Okawaru.
Okawaru was greatly pleased with you.
You were not hungry.
You were a tree.
You visited 1 branch of the dungeon, and saw 10 of its levels.

You collected 525 gold pieces.

Inventory:

Hand Weapons
 A - a +5 mace of venom (weapon)
Missiles
 b - a throwing net
 m - a steel javelin
 C - 2 javelins (quivered)
Armour
 c - a +1 shield (worn)
 h - a +0 cloak of poison resistance (melded)
 j - a +1 pair of boots (melded)
 s - a cursed +0 pair of gloves (melded)
 K - a +0 plate armour (melded)
Jewellery
 v - a +2 ring of protection (left branch)
 y - an amulet of regeneration (around neck)
 F - an uncursed ring of flight
 I - a +3 ring of dexterity (right branch)
Wands
 i - a wand of flame (41/48)
 G - a wand of lightning (7/15)
 L - a wand of lightning (9/15)
 M - a wand of iceblast (6/15)
 N - a wand of flame (21/48)
Scrolls
 a - a scroll of fog
 g - 6 scrolls of teleportation
 k - a scroll of enchant weapon
 l - 4 scrolls of remove curse
 p - 5 scrolls of identify
 q - 2 scrolls of fear
 t - a scroll of magic mapping
 B - a scroll of recharging
 D - a scroll of enchant armour
 O - a scroll of blinking
Potions
 d - 3 potions of might
 e - 4 potions of agility
 o - 2 potions of flight {unknown}
 r - 4 potions of curing
 u - a potion of resistance {unknown}
 w - 2 potions of heal wounds {unknown}
 z - 2 potions of lignification
Comestibles
 f - 8 bread rations
 n - 4 fruits
 E - a royal jelly
 H - a meat ration


   Skills:
 * Level 7.3 Fighting
 - Level 10.0 Maces & Flails
 + Level 4.7 Armour
 + Level 9.6 Shields
 * Level 5.4 Invocations


You had 9 spell levels left.
You didn't know any spells.

Dungeon Overview and Level Annotations

Branches:
Dungeon (10/15)            Temple (0/1) D:6             Orc (0/2) D:9
   Lair: D:8-11

Altars:
Cheibriados
Dithmenos
Kikubaaqudgha
Nemelex Xobeh
Okawaru
Trog
Vehumet
Xom
The Shining One
Beogh

Shops:
D:10 [

Annotations:
D:8 Maurice


Innate Abilities, Weirdness & Mutations

You are resistant to torment.
((Your stone body is resilient. (AC +7)))
You are immune to poison.
You resist negative energy. (rN+)
((You are resistant to electric shocks. (rElec)))
((You can survive without breathing.))
You are immune to petrification.
You are immune to rotting.


Message History

You closely miss something. Something hits you but does no damage.
You hit something. Something completely misses you.
You miss something. Something hits you. Something steals your 5 steel javelins!
You miss something.
You hear a zap.
A bolt of acid appears from out of thin air!
The bolt of acid hits you!
You are splashed with acid!
The acid burns!
* * * LOW HITPOINT WARNING * * *
You turn into a tree.
Your +0 cloak of poison resistance melds into your body.
Your cursed +0 pair of gloves melds into your body.
Your +1 pair of boots melds into your body.
Your +0 plate armour melds into your body.
Your roots penetrate the ground.
Something hits you but does no damage.
You closely miss something. You block something's attack.
You hit something but do no damage.
You hear a zap.
A bolt of acid appears from out of thin air!
The bolt of acid hits you!
You die...

#.# ####.#.#.#.#
#.# #....#.#.#.#
#.# #.##.#.#.#.#
#.# #.####.#.#.#
#.# #.##.#.#.#.#
#.# #.##.#.#.#.#
#.# #.##.#.#.#.#
#{# #.##.#.#.#.#
#♣# #.##.#.#.#.#
#.# #.##.#.#.#.#
#.# #.##.#.#.#.#
#.# #.##.#.#.#.#
#.# #.##.#)#.#.#
#.#####.##.#(#.#.#
#.......##)#.#.#.#
##########.....#.#
#.......#


There were no monsters in sight!

Vanquished Creatures
  An unseen horror (D:10)
  The ghost of Merlin the Cutter, an amateur DsCK of Xom (D:6)
  A spriggan (D:8)
  3 yaks (D:10)
  A hungry ghost (D:7)
  A water moccasin (D:8)
  An ice beast (D:7)
  2 orc warriors
  3 sky beasts
  3 ogres
  3 phantoms
  3 black bears
  2 centaurs
  3 big kobolds
  2 bullfrogs
  3 scorpions
  4 electric eels (D:6)
  8 wights (D:10)
  A howler monkey (D:6)
  2 crimson imps
  2 bullfrog zombies
  8 orc priests
  5 orc wizards
  2 hounds
  2 jellies
  An iguana (D:10)
  A bullfrog skeleton (D:5)
  Terence (D:2)
  Natasha (thrice) (D:4)
  5 worker ants
  A mummy (D:9)
  A worker ant zombie (D:4)
  2 gnolls (D:6)
  8 adders
  2 dart slugs (D:1)
  A worm (D:4)
  4 leopard geckos
  29 orcs
  A ball python (D:1)
  4 giant cockroaches
  5 goblins
  6 hobgoblins
  9 jackals
  4 quokkas
  5 bats
  2 frilled lizards
  55 kobolds
  A quokka zombie (D:7)
  13 rats
231 creatures vanquished.

Vanquished Creatures (others)
  A quokka (D:9)
1 creature vanquished.

Grand Total: 232 creatures vanquished

Notes
Turn   | Place    | Note
-------+----------+-------------------------------------------
     0 | D:1      | hilaritas the Gargoyle Fighter began the quest for the Orb.
     0 | D:1      | Reached XP level 1. HP: 14/14 MP: 1/1
   317 | D:1      | Reached XP level 2. HP: 11/19 MP: 2/2
   997 | D:1      | Reached XP level 3. HP: 23/23 MP: 3/3
  1070 | D:2      | Found a sparkling altar of Nemelex Xobeh.
  1125 | D:2      | Reached skill level 3 in Maces & Flails
  1262 | D:2      | Found a shattered altar of Ashenzari.
  1264 | D:2      | Found a shadowy altar of Dithmenos.
  1264 | D:2      | Found an opulent altar of Gozag.
  1267 | D:2      | Found a glowing silver altar of Zin.
  1267 | D:2      | Found a shimmering altar of Xom.
  1267 | D:2      | Found an iron altar of Okawaru.
  1568 | D:2      | Noticed Terence
  1578 | D:2      | Killed Terence
  1578 | D:2      | Reached XP level 4. HP: 28/28 MP: 4/4
  1753 | D:3      | Reached skill level 4 in Maces & Flails
  1849 | D:3      | Found a radiant altar of Vehumet.
  2189 | D:4      | Reached XP level 5. HP: 32/32 MP: 5/5
  2209 | D:4      | Noticed a phantom
  2237 | D:4      | Killed a phantom
  2237 | D:4      | Reached skill level 5 in Maces & Flails
  2247 | D:4      | Reached XP level 6. HP: 37/37 MP: 6/6
  2321 | D:4      | Reached skill level 6 in Maces & Flails
  2369 | D:4      | Noticed Natasha
  2375 | D:4      | Killed Natasha
  2393 | D:4      | Noticed Natasha
  2402 | D:4      | Killed Natasha
  2547 | D:4      | Noticed Natasha
  2551 | D:4      | Killed Natasha
  2551 | D:4      | Reached XP level 7. HP: 38/41 MP: 7/7
  2593 | D:5      | Entered Level 5 of the Dungeon
  2698 | D:5      | Found a glowing golden altar of the Shining One.
  2925 | D:5      | Reached skill level 7 in Maces & Flails
  2925 | D:5      | Reached skill level 5 in Shields
  3368 | D:5      | Found an iron altar of Okawaru.
  3369 | D:5      | Found an ancient bone altar of Kikubaaqudgha.
  3377 | D:5      | Became a worshipper of Warmaster Okawaru
  3583 | D:6      | Found a staircase to the Ecumenical Temple.
  3592 | D:6      | Reached skill level 8 in Maces & Flails
  3592 | D:6      | Reached XP level 8. HP: 41/46 MP: 8/8
  3622 | D:6      | Reached skill level 1 in Invocations
  3730 | D:6      | Noticed Merlin's ghost (amateur DsCK)
  3748 | D:6      | Killed Merlin's ghost
  3748 | D:6      | Reached * piety under Okawaru
  3748 | D:6      | Reached skill level 9 in Maces & Flails
  3799 | D:6      | Found an ancient bone altar of Kikubaaqudgha.
  3857 | D:6      | Found a shadowy altar of Dithmenos.
  4358 | D:6      | Reached XP level 9. HP: 51/51 MP: 10/10
  4427 | D:6      | Reached ** piety under Okawaru
  4469 | D:6      | Reached skill level 10 in Maces & Flails
  4826 | D:7      | Found a bloodstained altar of Trog.
  5177 | D:7      | Found a sparkling altar of Nemelex Xobeh.
  5296 | D:7      | Reached *** piety under Okawaru
  5527 | D:8      | Reached skill level 5 in Fighting
  5657 | D:8      | You fall through a shaft for 2 floors!
  5657 | D:10     | Entered Level 10 of the Dungeon
  5670 | D:10     | Reached XP level 10. HP: 56/59 MP: 13/13
  5725 | D:10     | Found Hoocurip's Specialty Armours.
  5835 | D:10     | Killed an unseen horror
  5846 | D:10     | Reached **** piety under Okawaru
  5855 | D:10     | Reached skill level 5 in Invocations
  5918 | D:9      | Found a staircase to the Orcish Mines.
  5948 | D:9      | Found a roughly hewn altar of Beogh.
  6048 | D:9      | Found a snail-covered altar of Cheibriados.
  6305 | D:8      | Noticed Maurice
  6320 | D:8      | Killed from afar by Maurice

Skill      XL: |  1  2  3  4  5  6  7  8  9 10 |
---------------+-------------------------------+-----
Maces & Flails | 3 4 5 6 8 9 10 | 10.0
Shields        | 4 5 6 8 9 |  9.6
Invocations    | 2 4 5 |  5.4
Fighting       | 5 7 |  7.3
Armour         | 4 |  4.7

Action                   |  1- 3 |  4- 6 |  7- 9 | 10-12 || total
-------------------------+-------+-------+-------+-------++-------
Melee: Flail             |   154 |    43 |       |       ||   197
       Mace              |       |    63 |   391 |   173 ||   627
Throw: Javelin           |       |       |     2 |       ||     2
Invok: Heroism           |       |       |     1 |     1 ||     2
  Use: Scroll            |       |    11 |     4 |     1 ||    16
       Potion            |       |       |       |     1 ||     1
 Stab: Invisible         |       |       |     2 |       ||     2
  Eat: Chunk             |     2 |     3 |    13 |     2 ||    20
       Fruit             |       |       |     1 |       ||     1
Armor: Scale mail        |   112 |       |       |       ||   112
       Chain mail        |     3 |    62 |   182 |    49 ||   296
       Plate armour      |       |       |       |    30 ||    30
       Skin              |       |       |       |     1 ||     1
Dodge: Dodged            |    54 |    20 |    73 |    17 ||   164
Block: Shield            |    95 |    49 |   214 |    91 ||   449
